 Dungeon Crawl Stone Soup version 0.31.0-11-ge490571c62 (webtiles) character file.

Game seed: 12446903226424012356

46 qw the Shooter (level 3, -4/20 HPs)
             Began as a Deep Elf Hunter on Feb 4, 2024.
             Slain by a ribbon worm (8 damage)
             ... on level 2 of the Dungeon.
             The game lasted 00:00:05 (1254 turns).

qw the Shooter (Deep Elf Hunter)                    Turns: 1254, Time: 00:00:06

Health: -4/20      AC:  3    Str: 10    XL:     3   Next: 46%
Magic:  5/5        EV: 12    Int: 13    God:
Gold:   24         SH:  0    Dex: 18    Spells: 2/2 levels left

rFire   . . .        a - +0 shortbow
rCold   . . .        (shield currently unavailable)
rNeg    . . .        c - +0 leather armour
rPois   .            (no helmet)
rElec   .            (no cloak)
rCorr   .            (no gloves)
SInv    .            (no boots)
Will    .....        (no amulet)
Stlth   ++           (no ring)
HPRegen 0.23/turn    (no ring)
MPRegen 0.09/turn

%: no passive effects
@: no status effects
A: no striking features
a: no special abilities


You were on level 2 of the Dungeon.
You visited 1 branch of the dungeon, and saw 2 of its levels.

You collected 80 gold pieces.
You spent 56 gold pieces at shops.


   Skills:
 - Level 1.5 Fighting
 + Level 7.0 Ranged Weapons
 - Level 2.4 Dodging
 - Level 1.2 Stealth


You had 2 spell levels left.
You didn't know any spells.
Your spell library was empty.

Inventory:

Hand Weapons
 a - a +0 shortbow (weapon)
Armour
 c - a +0 leather armour (worn)
 i - a +0 ring mail
Scrolls
 b - a scroll of fog {unknown}
 f - 2 scrolls of revelation {unknown}
 j - 2 scrolls of identify
Potions
 d - 2 potions of enlightenment {unknown}
 e - a potion of mutation
 g - a potion of curing
 h - a potion of haste {unknown}

Dungeon Overview and Level Annotations

Branches:
Dungeon (2/15)

Altars:
Zin

Shops:
D:2 [(?(


Message History

You shoot an arrow. The arrow hits the ribbon worm.
The ribbon worm is lightly wounded.
You shoot an arrow. The arrow hits the ribbon worm.
The ribbon worm is moderately wounded.
You shoot an arrow. The arrow hits the ribbon worm.
The ribbon worm is heavily wounded.
The ribbon worm bites you!
You shoot an arrow. The arrow hits the ribbon worm.
The ribbon worm is severely wounded.
The ribbon worm bites you but does no damage.
You shoot an arrow. The arrow hits the ribbon worm.
The ribbon worm is severely wounded.
You shoot an arrow. The arrow hits the ribbon worm.
The ribbon worm is severely wounded.
The ribbon worm bites you but does no damage.
You shoot an arrow.
The arrow barely misses the ribbon worm.
The ribbon worm barely misses you.
You shoot an arrow.
The arrow hits the ribbon worm but does no damage.
The ribbon worm is severely wounded.
The ribbon worm closely misses you.
You shoot an arrow.
The arrow hits the ribbon worm but does no damage.
The ribbon worm is heavily wounded.
The ribbon worm expels a string of sticky webbing.
The stream of webbing hits you but does no damage.
You are caught in a web!
The web tears apart.
The ribbon worm bites you.
You shoot an arrow. The arrow hits the ribbon worm!
The ribbon worm is almost dead.
The ribbon worm bites you!
You shoot an arrow. The arrow hits the ribbon worm.
The ribbon worm is almost dead.
The ribbon worm closely misses you.
You shoot an arrow.
The arrow barely misses the ribbon worm.
The ribbon worm bites you!
You die...

#.
#...PP.P..#####.#
## #P...P.P..# #.#
#.P.......# #.#
#####_##### #.#
#P....P...#####.#
#.PP..PP..#.....#
#...PP....##.####
#.###.......PP##.#
#..w@#PP....P#.#.#
######..P.P..###.#
##.P.P...##.)#
#.##.PP##...##
####PPP#...##
#.###..### ## ####


You could see a ribbon worm (catching breath).

Vanquished Creatures
  2 ribbon worms (D:2)
  2 dart slugs (D:1)
  5 bats
  3 endoplasms (D:1)
  2 giant cockroaches
  2 goblins (D:2)
  2 hobgoblins (D:1)
  2 jackals (D:1)
  5 kobolds
  2 quokkas
  2 ball pythons
  3 frilled lizards
  5 rats
37 creatures vanquished.

Notes
Turn   | Place    | Note
-------+----------+-------------------------------------------
     0 | D:1      | qw the Deep Elf Hunter began the quest for the Orb.
     0 | D:1      | Reached XP level 1. HP: 12/12 MP: 3/3
     0 | D:1      | 0 ||| qw: Version: 0.3-a-160-g6735b56
     0 | D:1      | 0 ||| qw: Game counter: 6059
     0 | D:1      | 0 ||| qw: Melee chars always use a shield: true
     0 | D:1      | 0 ||| qw: God list: Okawaru
     0 | D:1      | 0 ||| qw: Allow faded altars: false
     0 | D:1      | 0 ||| qw: Do Orc after clearing Dungeon:15 true
     0 | D:1      | 0 ||| qw: Do second Lair branch before Depths: true
     0 | D:1      | 0 ||| qw: Lair rune preference: random
     0 | D:1      | 0 ||| qw: Goals: Normal
     0 | D:1      | 0 ||| PLANNING D:1-11
   135 | D:1      | Reached skill level 6 in Ranged Weapons
   135 | D:1      | Reached XP level 2. HP: 16/16 MP: 4/4
   662 | D:1      | 662 ||| DROPPING ring of magical power.
   663 | D:1      | 663 ||| READING scroll labelled UMA SUDEHECVID.
   668 | D:1      | 668 ||| READING scroll labelled QOF FOISHREKA.
   668 | D:1      | 668 ||| IDENTIFYING bubbling black potion
   669 | D:1      | 669 ||| DRINKING 2 bubbling inky potions.
   670 | D:1      | 670 ||| DROPPING scroll of butterflies.
   698 | D:2      | Found a faded altar of an unknown god.
   706 | D:2      | Reached XP level 3. HP: 20/20 MP: 5/5
   822 | D:2      | Found Pobraehy's Antique Weapon Shop.
  1030 | D:2      | Reached skill level 7 in Ranged Weapons
  1050 | D:2      | Found Atetz's Magic Scroll Shoppe.
  1055 | D:2      | 1055 ||| BUYING scroll of identify (28 gold).
  1055 | D:2      | Bought a scroll of identify for 28 gold pieces
  1055 | D:2      | 1055 ||| BUYING scroll of identify (28 gold).
  1055 | D:2      | Bought a scroll of identify for 28 gold pieces
  1055 | D:2      | 1055 ||| SHOPLISTING scroll of identify (28 gold, have 22).
  1055 | D:2      | 1055 ||| SHOPLISTING scroll of teleportation (42 gold, have
                  | 22).
  1064 | D:2      | Found Zujahecw's Weapon Shoppe.
  1126 | D:2      | Found Jevil's Armour Shoppe.
  1135 | D:2      | 1135 ||| SHOPLISTING +0 pair of gloves (58 gold, have 24).
  1135 | D:2      | 1135 ||| SHOPLISTING +0 ring mail of Yesterday {Dex+3} (224
                  | gold, have 24).
  1135 | D:2      | 1135 ||| SHOPLISTING +0 robe of resistance (360 gold, have
                  | 24).
  1135 | D:2      | 1135 ||| SHOPLISTING +1 leather armour of the
                  | Hecatoncheires {rC+} (273 gold, have 24).
  1154 | D:2      | Found a glowing silver altar of Zin.
  1252 | D:2      | HP: 4/20 [ribbon worm (8)]
  1254 | D:2      | Slain by a ribbon worm

Levels and vault maps discovered:
D:1:      saegor_arrival_simple_b, layout_basic, nicolae_eternal_life,
          skrybe_limestone_x
D:2:      layout_loops_cross, basic_altar, shapermc_ecumenical_altar_gd,
          serial_shops, shop, nicolae_shop_hallway_plus, shop_statue,
          nicolae_shop_scrapyard

Skill      XL: |  1  2  3 |
---------------+----------+-----
Ranged Weapons | 6 7 |  7.0
Fighting       | |  1.5
Dodging        | |  2.4
Stealth        | |  1.2

Action                     || total
---------------------------++-------
   Fire: Shortbow          ||   131
    Use: Scroll            ||     2
         Potion            ||     1
 Armour: Leather armour    ||    48
  Dodge: Dodged            ||    53

Table legend:
 A = Non-vault XP
 B = Vault XP
 C = Vault XP percentage of total XP
 D = Non-vault monster count
 E = Vault monster count
 F = Vault count percentage of total count
                 A         B        C        D         E       F
            +---------+---------+-------+---------+---------+-------
      Total |      67 |       0 |   0.0 |      37 |       0 |   0.0
            +---------+---------+-------+---------+---------+-------
        D:1 |      38 |       0 |   0.0 |      21 |       0 |   0.0
        D:2 |      29 |       0 |   0.0 |      16 |       0 |   0.0
            +---------+---------+-------+---------+---------+-------
